 Dungeon Crawl Stone Soup version 0.30.0-20-g3615ddf2f0 (webtiles) character file.

Game seed: 15072389090405622086

420 qw the Chopper (level 6, -1/38 HPs)
             Began as a Gargoyle Fighter on May 31, 2023.
             Slain by Duvessa
             ... wielding a +0 short sword
              (5 damage)
             ... on level 4 of the Dungeon.
             The game lasted 00:01:45 (3180 turns).

qw the Chopper (Gargoyle Fighter)                   Turns: 3180, Time: 00:01:46

Health: -1/38      AC: 17    Str: 21      XL:     6   Next: 94%
Magic:  0/6        EV:  5    Int:  9      God:
Gold:   195        SH:  4    Dex:  8 (9)  Spells: 5/5 levels left

rFire   . . .        Y - +0 war axe
rCold   + . .        c - +0 buckler
rNeg    + . .        m - +0 plate armour
rPois   inf          (no helmet)
rElec   +            (no cloak)
rCorr   .            i - +0 pair of gloves
SInv    .            (no boots)
Will    .....        l - amulet of guardian spirit Stlth
                     h - ring of protection from cold
HPRegen 0.26/turn    (no ring)
MPRegen 0.10/turn

%: guardian spirit
@: about to teleport
A: sickness immunity, AC +4, negative energy resistance 1, electricity
resistance, torment resistance 1, petrification resistance
a: no special abilities


You were on level 4 of the Dungeon.
You visited 1 branch of the dungeon, and saw 4 of its levels.

You collected 195 gold pieces.


Innate Abilities, Weirdness & Mutations

You are immune to sickness and miasma.
Your stone body is resilient. (AC +4)
You are immune to poison.
You resist negative energy. (rN+)
You are resistant to electric shocks. (rElec)
You are resistant to unholy torment.
You are immune to petrification.


   Skills:
 - Level 4.0 Fighting
 - Level 6.0 Axes
 - Level 0.5 Throwing
 + Level 3.7 Armour
 - Level 3.2 Shields


You had 5 spell levels left.
You didn't know any spells.
Your spell library was empty.

Inventory:

Hand Weapons
 o - a +0 flail
 Y - a +0 war axe (weapon)
Armour
 c - a +0 buckler (worn)
 i - a +0 pair of gloves (worn)
 m - a +0 plate armour (worn)
Jewellery
 h - a ring of protection from cold (left hand)
 l - an amulet of guardian spirit (around neck)
Scrolls
 a - a scroll of teleportation
Potions
 b - a potion of attraction {unknown}
 d - 2 potions of might
 e - a potion of invisibility {unknown}
 f - 2 potions of lignification {unknown}
 g - a potion of magic {unknown}
 k - 4 potions of curing
 n - a potion of haste {unknown}

Dungeon Overview and Level Annotations

Branches:
Dungeon (4/15)
 Temple: D:4-7

Altars:
Hepliaklqana
Zin
Lugonu

Portals:
Abyss: D:1

Annotations:
D:1 2 runed translucent doors
D:2 1 runed translucent door, Crazy Yiuf
D:4 Dowan, Duvessa


Message History

Deactivating autopickup; reactivate with Ctrl-A.
The gnoll hits you with a +0 whip.
You hit the gnoll but do no damage.
The gnoll is severely wounded.
You barely miss something. You barely miss the orc priest.
Something hits you but does no damage. The gnoll hits you but does no damage.
The orc priest hits you but does no damage.
You slash the gnoll!
You kill the gnoll!
You hit something. You barely miss the orc priest. You block Duvessa's attack.
The orc priest calls down the wrath of Beogh upon you.
Pain shoots through your body! Something hits you.
You hear a shout!
You closely miss the orc priest.
The orc priest is moderately wounded.
You barely miss Duvessa. You miss something.
Duvessa hits you but does no damage. Something hits you but does no damage.
The orc priest hits you but does no damage.
Duvessa hits you but does no damage.
You hit the orc priest.
The orc priest is severely wounded.
You slash Duvessa! You hit something.
Reactivating autopickup.
You feel a bit more experienced. You block Duvessa's attack.
The orc priest mumbles some strange prayers to Beogh against you.
You are unaffected.
Duvessa hits you with a +0 short sword!
The orc priest mumbles some strange prayers to Beogh against you.
Beogh smites you!
3179 ||| READING 2 scrolls of teleportation.
As you read the scroll of teleportation, it crumbles to dust.
You feel strangely unstable. Duvessa hits you but does no damage.
The orc priest barely misses you.
A kobold comes into view.
It is wielding a +0 dagger and quivering poisoned darts.
You slash the orc priest!
You kill the orc priest!
You hit Duvessa. Duvessa hits you with a +0 short sword.
You die...

.K..... ..# .......
.. #..... .## #
..#..... #..#.##
.#.....#......# ..
......e..... ...
.##.##.. #)e).# ...
..)#..... ##@### ..#
.........##....#
.w##.........).....#
#................###
.o.............###
g)).)....#.#...##
o.....#..[##..#.#
.{...###.##...#.##
.w##.............#


You could see Duvessa (berserk), Dowan and a kobold.

Vanquished Creatures
  A scorpion (D:4)
  2 hounds
  An orc priest (D:4)
  Jessica (D:2)
  4 orc wizards
  3 gnolls (D:4)
  6 adders
  3 worms (D:2)
  A dart slug (D:4)
  10 orcs
  3 ball pythons
  10 endoplasms
  2 giant cockroaches
  5 goblins
  8 hobgoblins
  7 jackals (D:1)
  3 quokkas
  6 bats
  2 frilled lizards (D:1)
  8 kobolds
  3 rats
89 creatures vanquished.

Notes
Turn   | Place    | Note
-------+----------+-------------------------------------------
     0 | D:1      | qw the Gargoyle Fighter began the quest for the Orb.
     0 | D:1      | Reached XP level 1. HP: 14/14 MP: 1/1
     0 | D:1      | 0 ||| qw: Version: 0.2-a-102-gfc559e5
     0 | D:1      | 0 ||| qw: Game counter: 587
     0 | D:1      | 0 ||| qw: Always use a shield: true
     0 | D:1      | 0 ||| qw: God list: Okawaru
     0 | D:1      | 0 ||| qw: Allow faded altars: false
     0 | D:1      | 0 ||| qw: Do Orc after D:15 true
     0 | D:1      | 0 ||| qw: Do second Lair branch before Depths: true
     0 | D:1      | 0 ||| qw: Lair rune preference: random
     0 | D:1      | 0 ||| qw: Plans: Normal, Zot:1-4, Slime:5, God:TSO, Crypt,
                  | Tomb, Pan, Hells, Abyss, Win
     0 | D:1      | 0 ||| PLANNING D:1-11
    57 | D:1      | 57 ||| Stepping ~*~*~tactically~*~*~ (stealth).
    65 | D:1      | Reached skill level 2 in Axes
    72 | D:1      | Reached XP level 2. HP: 19/19 MP: 2/2
    82 | D:1      | Found a large runed translucent door.
    82 | D:1      | Found a large runed translucent door.
    84 | D:1      | Found a one-way gate to the infinite horrors of the Abyss.
    84 | D:1      | Noticed a crimson imp
   246 | D:1      | 246 ||| DROPPING +0 club.
   354 | D:1      | Reached skill level 3 in Axes
   359 | D:1      | Reached XP level 3. HP: 23/23 MP: 3/3
   580 | D:1      | Found a corrupted altar of Lugonu.
   653 | D:1      | 653 ||| UPGRADING to +0 pair of gloves.
   658 | D:1      | 658 ||| UPGRADING to amulet of guardian spirit.
   663 | D:1      | 663 ||| READING scroll labelled QUOWNEHEIM.
   664 | D:1      | 664 ||| READING scroll labelled HOIFYUDASK.
   715 | D:1      | 715 ||| DRINKING 2 emerald potions.
   837 | D:2      | Reached XP level 4. HP: 22/28 MP: 4/4
   887 | D:2      | Reached skill level 4 in Axes
   970 | D:2      | Found a runed translucent door.
   971 | D:2      | Noticed Crazy Yiuf
  1489 | D:2      | Noticed Jessica
  1497 | D:2      | 1497 ||| Stepping ~*~*~tactically~*~*~ (hiding).
  1505 | D:2      | Killed Jessica
  1549 | D:2      | Reached XP level 5. HP: 32/32 MP: 5/5
  1902 | D:2      | 1902 ||| UPGRADING to +0 plate armour.
  1912 | D:2      | 1912 ||| DROPPING +0 scale mail.
  1913 | D:2      | 1913 ||| UPGRADING to ring of protection from cold.
  1914 | D:2      | 1914 ||| READING scroll labelled DUT IN JYDYNEPS.
  1915 | D:2      | 1915 ||| DRINKING 2 golden potions.
  1916 | D:2      | 1916 ||| DRINKING 2 glowing dark potions.
  1917 | D:2      | 1917 ||| DROPPING potion of degeneration.
  2024 | D:3      | 2024 ||| Stepping ~*~*~tactically~*~*~ (hiding).
  2026 | D:3      | 2026 ||| Stepping ~*~*~tactically~*~*~ (stealth).
  2045 | D:3      | Reached skill level 5 in Axes
  2064 | D:3      | 2064 ||| FLEEEEING.
  2065 | D:3      | 2065 ||| FLEEEEING.
  2066 | D:3      | 2066 ||| FLEEEEING.
  2192 | D:3      | 2192 ||| DROPPING ring of magical power.
  2401 | D:3      | 2401 ||| READING scroll labelled GUFRYXKAAD.
  2444 | D:3      | Found a glowing silver altar of Zin.
  2470 | D:3      | Reached XP level 6. HP: 37/38 MP: 4/6
  2774 | D:3      | Found a hazy altar of Hepliaklqana.
  2912 | D:3      | 2912 ||| DROPPING +0 whip.
  3020 | D:3      | 3020 ||| READING scroll labelled VEUXIV ZYICE.
  3058 | D:4      | HP: 4/38 [orc priest/divine providence (11)]
  3059 | D:4      | 3059 ||| READING 3 scrolls of teleportation.
  3059 | D:4      | HP: 1/38 [scorpion (2)]
  3060 | D:4      | 3060 ||| DRINKING 2 potions of heal wounds.
  3062 | D:4      | 3062 ||| DRINKING potion of heal wounds.
  3084 | D:4      | 3084 ||| Stepping ~*~*~tactically~*~*~ (stealth).
  3114 | D:4      | 3114 ||| FLEEEEING.
  3115 | D:4      | 3115 ||| FLEEEEING.
  3133 | D:4      | 3133 ||| Stepping ~*~*~tactically~*~*~ (stealth).
  3156 | D:4      | 3156 ||| Stepping ~*~*~tactically~*~*~ (stealth).
  3157 | D:4      | 3157 ||| Stepping ~*~*~tactically~*~*~ (stealth).
  3158 | D:4      | 3158 ||| Stepping ~*~*~tactically~*~*~ (stealth).
  3159 | D:4      | 3159 ||| Stepping ~*~*~tactically~*~*~ (stealth).
  3160 | D:4      | 3160 ||| Stepping ~*~*~tactically~*~*~ (hiding).
  3169 | D:4      | Noticed Duvessa
  3172 | D:4      | Reached skill level 6 in Axes
  3173 | D:4      | 3173 ||| DRINKING 5 potions of curing.
  3173 | D:4      | 3173 ||| (to cure confusion)
  3174 | D:4      | Noticed Dowan
  3178 | D:4      | HP: 3/38 [orc priest/divine providence (8)]
  3179 | D:4      | 3179 ||| READING 2 scrolls of teleportation.
  3180 | D:4      | Slain by Duvessa

Levels and vault maps discovered:
D:1:      erik_arrival_cave_to_civilisation [erik_arrival_cave_to_temple],
          layout_basic, amcnicky_mini_pool_small
D:2:      minmay_alternating_diamond, layout_basic, uniq_jessica,
          uniq_crazy_yiuf_cottage
D:3:      minmay_skewed_foursquare, layout_basic,
          mainiacjoe_overflow_cross_hatched, nicolae_hepliaklqana_hazy_memory,
          serial_bayou_lagoon_a
D:4:      layout_cave_pools, cheibriados_altar_1, serial_shops, shop,
          uniq_eustachio, uniq_duvessa

Skill      XL: |  1  2  3  4  5  6 |
---------------+-------------------+-----
Axes           | 2 3 4 5 6 |  6.0
Fighting       | 4 |  4.0
Throwing       | |  0.5
Armour         | |  3.7
Shields        | |  3.2

Action                     |  1- 3 |  4- 6 || total
---------------------------+-------+-------++-------
  Melee: War axe           |    68 |   158 ||   226
  Throw: Boomerang         |       |     4 ||     4
    Use: Scroll            |     2 |     5 ||     7
         Potion            |     1 |     5 ||     6
 Armour: Scale mail        |    44 |    28 ||    72
         Plate armour      |       |   119 ||   119
  Dodge: Dodged            |    30 |    46 ||    76
  Block: Buckler           |     8 |    24 ||    32

Table legend:
 A = Non-vault XP
 B = Vault XP
 C = Vault XP percentage of total XP
 D = Non-vault monster count
 E = Vault monster count
 F = Vault count percentage of total count
                 A         B        C        D         E       F
            +---------+---------+-------+---------+---------+-------
      Total |     587 |      55 |   8.6 |      81 |       8 |   9.0
            +---------+---------+-------+---------+---------+-------
        D:1 |      42 |       3 |   6.7 |      24 |       2 |   7.7
        D:2 |      78 |      44 |  36.1 |      22 |       3 |  12.0
        D:3 |     173 |       8 |   4.4 |      21 |       3 |  12.5
        D:4 |     294 |       0 |   0.0 |      14 |       0 |   0.0
            +---------+---------+-------+---------+---------+-------
